 Dungeon Crawl Stone Soup version 0.23-a0-354-g4c2fb12 (webtiles) character file.

120 Cryolive the Digger (level 5, 0/42 HPs)
             Began as a Gargoyle Earth Elementalist on Oct 21, 2018.
             Slain by a goblin (1 damage)
             ... on level 3 of the Dungeon.
             The game lasted 00:08:59 (2371 turns).

Cryolive the Digger (Gargoyle Earth Elementalist)   Turns: 2371, Time: 00:08:59

Health: 0/42       AC:  7    Str: 16    XL:     5   Next: 4%
Magic:  7/10       EV: 12    Int: 17    God:
Gold:   86         SH:  0    Dex: 10    Spells: 10/11 levels left

rFire    . . .     SeeInvis .   h - +3 mace
rCold    . . .     Gourm    .   (no shield)
rNeg     + . .     Faith    .   c - +0 robe
rPois    ∞         Spirit   .   (no helmet)
rElec    +         Reflect  .   (no cloak)
rCorr    .         Harm     .   (no gloves)
MR       .....                  n - +0 pair of boots
Stlth    ..........             (no amulet)
HPRegen  0.14/turn              (no ring)
MPRegen  0.12/turn              (no ring)

@: berserking, very quick
A: negative energy resistance 1, electricity resistance, unbreathing,
petrification resistance, rot immunity, AC +4
a: no special abilities


You were on level 3 of the Dungeon.
You were not hungry.

You visited 1 branch of the dungeon, and saw 3 of its levels.

You collected 86 gold pieces.

Inventory:

Hand Weapons
 h - a +3 mace (weapon)
Missiles
 b - 39 stones (quivered)
Armour
 c - a +0 robe (worn)
 n - a +0 pair of boots (worn)
Jewellery
 i - an uncursed ring of protection from magic {unknown}
Scrolls
 a - a scroll of identify {unknown}
 j - a scroll of fog {unknown}
 k - a scroll of enchant weapon {unknown}
 l - 3 scrolls of blinking {unknown}
 q - a scroll of remove curse {unknown}
Potions
 e - a potion of agility {unknown}
 g - a potion of heal wounds {unknown}
 m - a potion of brilliance {unknown}
 o - a potion of might {unknown}
 p - a potion of degeneration {unknown}
Comestibles
 d - 8 rations


   Skills:
 - Level 1.5 Dodging
 - Level 2.1 Stealth
 + Level 3.5 Spellcasting
   Level 0.7 Transmutations
 + Level 5.4 Earth Magic


You had 10 spell levels left.
You knew the following spells:

 Your Spells              Type           Power        Failure   Level  Hunger
a - Sandblast             Erth           ###...       1%          1    None

Your spell library contained the following spells:

 Spells                   Type           Power        Failure   Level  Hunger
 Passwall                 Tmut/Erth      ##......     7%          2    ##.....
 Stone Arrow              Conj/Erth      ##....       16%         3    ###....
 Petrify                  Tmut/Erth      ##......     43%         4    ####...
 Lee's Rapid Deconstruct  Erth           ###.......   45%         5    ######.


Dungeon Overview and Level Annotations

Branches:
Dungeon (3/15)

Altars:
Cheibriados
Kikubaaqudgha
Makhleb
Okawaru
Ru
Trog
Uskayaw
The Shining One


Innate Abilities, Weirdness & Mutations

You are resistant to torment.
Your stone body is resilient. (AC +4)
You are immune to poison.
You resist negative energy. (rN+)
You are resistant to electric shocks. (rElec)
You can survive without breathing.
You are immune to petrification.
You are immune to rotting.


Message History

b - 40 stones The orc misses you.
Casting: Sandblast (safe; 1% risk of failure)
Confirm with . or Enter, or press ? or * to list all spells.
Aiming: Sandblast (safe; 1% risk of failure)
Press: ? - help, Shift-Dir - straight line, f - orc
Aim: an orc, wielding a +0 war axe and wearing a +0 leather armour The blast of sand misses the orc.
b - 39 stones The orc hits you with a cursed +0 war axe!
* * * LOW HITPOINT WARNING * * *
The goblin hits you.
* * * LOW HITPOINT WARNING * * *
It was a potion of berserk rage.
A red film seems to cover your vision as you go berserk!
You feel yourself moving faster!
You feel mighty! The orc barely misses you.
The goblin hits you but does no damage.
You are too berserk!
You closely miss the goblin. The goblin hits you.
You die...

...... #.# ....g #<#
#... #.# #.. ### ###.##
# #.######.. .....
#.#o........#. #.###
.[###.#r######.#.###...#
......og## #.#........
......#@)## #.#.#......
####..#...## #..........
#..#....####..#......
..........##.####...#
##...♣..♣...#†# #...#
#............# ##.##
#..♣......♣..## #...
#......[.....# #..#
#............# #.<#


You could see 2 orcs, a goblin and a rat.

Vanquished Creatures
  An orc wizard (D:3)
  3 adders
  3 dart slugs (D:1)
  3 leopard geckos
  5 orcs (D:3)
  2 ball pythons (D:1)
  6 bats
  3 giant cockroaches (D:3)
  3 goblins
  3 hobgoblins
  7 jackals
  4 kobolds
  3 frilled lizards
  7 rats
53 creatures vanquished.

Notes
Turn   | Place    | Note
-------+----------+-------------------------------------------
     0 | D:1      | Cryolive the Gargoyle Earth Elementalist began the quest
                  | for the Orb.
     0 | D:1      | Reached XP level 1. HP: 10/10 MP: 3/3
   206 | D:1      | Reached skill level 4 in Earth Magic
   206 | D:1      | Reached XP level 2. HP: 10/15 MP: 3/5
   896 | D:1      | Reached XP level 3. HP: 15/19 MP: 4/6
  1711 | D:2      | Found an iron altar of Okawaru.
  1723 | D:2      | Reached XP level 4. HP: 16/24 MP: 8/8
  1730 | D:2      | Found an ancient bone altar of Kikubaaqudgha.
  1730 | D:2      | Found a glowing golden altar of the Shining One.
  1730 | D:2      | Found a burning altar of Makhleb.
  1731 | D:2      | Found a snail-covered altar of Cheibriados.
  2108 | D:2      | Found a hide-covered altar of Uskayaw.
  2117 | D:2      | Found a bloodstained altar of Trog.
  2122 | D:2      | Found a sacrificial altar of Ru.
  2298 | D:3      | Reached skill level 5 in Earth Magic
  2347 | D:3      | Reached XP level 5. HP: 23/28 MP: 6/10
  2369 | D:3      | HP: 1/28 [goblin (1)]
  2371 | D:3      | Slain by a goblin

Vault maps used:
D:1:      dpeg_arrival_pits
D:2:      grunt_temple_overflow_open, grunt_temple_overflow_diamond,
          first_ration, patterned_corridor
D:3:      minivault_14, minmay_misc_feat_plants, uniq_sigmund

Skill      XL: |  1  2  3  4 |
---------------+-------------+-----
Earth Magic    | 4 5 |  5.4
Spellcasting   | 3 |  3.5
Dodging        | |  1.5
Stealth        | |  2.1
Transmutations | |  0.7

Action                   |  1- 3 |  4- 6 || total
-------------------------+-------+-------++-------
Melee: Unarmed           |   102 |       ||   102
       Mace              |    46 |    34 ||    80
 Cast: Sandblast         |    18 |    10 ||    28
  Use: Potion            |       |     1 ||     1
  Eat: Ration            |     1 |     1 ||     2
Armor: Robe              |    50 |    16 ||    66
Dodge: Dodged            |   115 |    39 ||   154

Table legend:
 A = Non-vault XP
 B = Vault XP
 C = Vault XP percentage of total XP
 D = Non-vault monster count
 E = Vault monster count
 F = Vault count percentage of total count
                 A         B        C        D         E       F
            +---------+---------+-------+---------+---------+-------
      Total |     172 |       0 |   0.0 |      53 |       0 |   0.0
            +---------+---------+-------+---------+---------+-------
        D:1 |      47 |       0 |   0.0 |      23 |       0 |   0.0
        D:2 |      51 |       0 |   0.0 |      18 |       0 |   0.0
        D:3 |      74 |       0 |   0.0 |      12 |       0 |   0.0
            +---------+---------+-------+---------+---------+-------
